 Dungeon Crawl Stone Soup version 0.23-a0-169-gb21e69520c (webtiles) character file.

2061 Rrauwl the Fighter (level 9, -1/102 HPs)
             Began as an Ogre Monk on Sept 11, 2018.
             Was an Elder of Makhleb.
             Slain by an iguana (9 damage)
             ... on level 7 of the Dungeon on Sept 12, 2018.
             The game lasted 00:19:17 (7984 turns).

Rrauwl the Fighter (Ogre Monk)                      Turns: 7984, Time: 00:19:18

Health: -1/102     AC:  6    Str: 20    XL:     9   Next: 25%
Magic:  11/11      EV: 11    Int: 11    God:    Makhleb [****..]
Gold:   367        SH:  0    Dex: 15    Spells: 8/8 levels left

rFire    . . .     SeeInvis .   a - +1 whip (pain)
rCold    . . .     Gourm    .   (no shield)
rNeg     + . .     Faith    .   g - +1 robe {rN+}
rPois    .         Spirit   .   (helmet restricted)
rElec    .         Reflect  .   j - +1 cloak
rCorr    .         Harm     .   (gloves unavailable)
MR       .....                  (boots unavailable)
Stlth    +++.......             (no amulet)
HPRegen  0.27/turn              b - +4 ring of dexterity
MPRegen  0.12/turn              s - ring of stealth

@: no status effects
A: large, unfitting armour, tough skin 1
a: Minor Destruction, Lesser Servant of Makhleb, Major Destruction, Renounce
Religion


You were on level 7 of the Dungeon.
You worshipped Makhleb.
Makhleb was greatly pleased with you.
You were hungry.

You visited 1 branch of the dungeon, and saw 7 of its levels.
You also visited: Sewer.

You collected 408 gold pieces.
You spent 41 gold pieces at shops.

Inventory:

Hand Weapons
 a - a +1 whip of pain (weapon)
 t - a +0 giant club
Missiles
 l - 2 throwing nets
 n - 4 tomahawks (quivered)
Armour
 g - a +1 robe of positive energy (worn)
 j - a +1 cloak (worn)
Jewellery
 b - a +4 ring of dexterity (left hand)
 c - an uncursed ring of magical power
 s - a ring of stealth (right hand)
Scrolls
 d - 7 scrolls of teleportation
 f - 6 scrolls of identify
 k - 4 scrolls of remove curse
 m - 2 scrolls of blinking
 u - a scroll of silence
 v - a scroll of immolation
Potions
 h - 7 potions of curing
 o - a potion of agility
 p - a potion of ambrosia
 q - a potion of flight
 r - 2 potions of might
Comestibles
 e - 8 rations
 i - a chunk of flesh


   Skills:
 + Level 10.9 Fighting
 + Level 7.8 Maces & Flails
 - Level 3.0 Dodging
 - Level 2.0 Stealth
 - Level 3.2 Invocations


You had 8 spell levels left.
You didn't know any spells.
Your spell library contained the following spells:

 Spells                   Type           Power        Failure   Level  Hunger
 Confusing Touch          Hex            #.....       34%         1    ##.....
 Confuse                  Hex            #.......     71%         3    ####...
 Gell's Gravitas          Tloc           #.........   71%         3    ####...
 Petrify                  Tmut/Erth      #.......     98%         4    #####..
 Metabolic Englaciation   Hex/Ice        #.........   100%        5    ######.
 Yara's Violent Unravell  Hex/Tmut       #.........   100%        5    ######.


Dungeon Overview and Level Annotations

Branches:
Dungeon (7/15)
 Temple: D:4-7

Altars:
Dithmenos
Fedhas
Gozag
Makhleb
Uskayaw
Vehumet
Xom

Shops:
D:4 *

Annotations:
D:6 exclusion: statue


Innate Abilities, Weirdness & Mutations

You are too large for most types of armour.
You have tough skin. (AC +1)


Message History

The orc warrior hits you from afar with a glaive!!
* * * LOW HITPOINT WARNING * * *
The iguana bites you!
* * * LOW HITPOINT WARNING * * *
You whack the iguana!
The iguana is severely wounded.
Your hellwing hits the orc warrior but does no damage.
Your hellwing hits the orc warrior.
Unknown command.
You hit the iguana.
The iguana is almost dead.
The orc warrior closely misses you. The iguana bites you.
* * * LOW HITPOINT WARNING * * *
Unknown command.
You completely miss the iguana.
The iguana is almost dead.
Your hellwing hits the orc warrior.
Your hellwing hits the orc warrior but does no damage.
The iguana bites you!
You die...

#. .... ... .
...# ....
#.##..###....
#.#........#.
#............
#....o.......
#..oo.# ##..4##
##.@# .. ##l#
##..# #
#.#.....# ..
####....#.. .#
#........... ..
#.##...(####.#
##.##.#.##...>#
##...#.#.##.####
##......#.##.#


You could see an orc warrior, an iguana, 2 orcs and a friendly hellwing.

Vanquished Creatures
  Eustachio (D:5)
  A phantom (D:3)
  A sky beast (D:5)
  An ice beast (D:7)
  An ogre (D:4)
  A big kobold (Sewer)
  A bullfrog (D:7)
  3 scorpions
  A howler monkey (D:4)
  3 crimson imps
  An orc priest (D:4)
  A bullfrog skeleton (D:7)
  3 hounds
  A quasit (D:5)
  6 orc wizards
  A centaur skeleton (D:7)
  An iguana (D:7)
  3 worker ants
  12 adders
  6 river rats (Sewer)
  An ooze (D:3)
  An adder skeleton (D:5)
  3 worms
  3 dart slugs
  4 leopard geckos
  20 orcs
  5 giant cockroaches
  4 goblins
  A hobgoblin (D:2)
  4 jackals
  21 kobolds
  3 quokkas
  7 ball pythons
  4 bats
  6 frilled lizards
  A jackal zombie (D:7)
  2 quokka skeletons
  25 rats
164 creatures vanquished.

Vanquished Creatures (collateral kills)
  Prince Ribbit (D:6)
  Menkaure (D:7)
  An ice beast (D:7)
  An orc warrior (D:6)
  2 hounds (D:7)
  An ooze (D:6)
  5 orcs
12 creatures vanquished.

Grand Total: 176 creatures vanquished

Notes
Turn   | Place    | Note
-------+----------+-------------------------------------------
     0 | D:1      | Rrauwl the Ogre Monk began the quest for the Orb.
     0 | D:1      | Reached XP level 1. HP: 24/24 MP: 1/1
   236 | D:1      | Reached XP level 2. HP: 15/32 MP: 2/2
   913 | D:2      | Reached XP level 3. HP: 32/40 MP: 3/3
  1606 | D:2      | Found a shimmering altar of Xom.
  1606 | D:2      | Found a shimmering altar of Xom.
  1607 | D:2      | Found a shimmering altar of Xom.
  1619 | D:2      | Reached XP level 4. HP: 27/49 MP: 4/4
  1934 | D:2      | Found an opulent altar of Gozag.
  1990 | D:3      | Reached skill level 5 in Fighting
  2107 | D:3      | Noticed a phantom
  2142 | D:3      | Killed a phantom
  2142 | D:3      | Reached XP level 5. HP: 22/59 MP: 5/5
  2444 | D:3      | Reached skill level 6 in Fighting
  2724 | D:3      | Found a burning altar of Makhleb.
  2724 | D:3      | Noticed an Executioner
  2727 | D:3      | Noticed an orange demon
  2727 | D:3      | Noticed a hellwing
  2729 | D:3      | Became a worshipper of Makhleb the Destroyer
  2729 | D:3      | Reached * piety under Makhleb
  2729 | D:3      | Reached ** piety under Makhleb
  2909 | D:3      | Reached XP level 6. HP: 66/67 MP: 6/6
  3190 | D:4      | Reached skill level 1 in Invocations
  3506 | D:4      | Found a glowing drain.
  3517 | Sewer    | Entered a sewer
  3768 | Sewer    | Reached XP level 7. HP: 74/76 MP: 8/8
  3788 | Sewer    | Reached skill level 7 in Fighting
  3880 | Sewer    | Reached *** piety under Makhleb
  4064 | Sewer    | Reached skill level 5 in Maces & Flails
  4474 | D:4      | Found a burning altar of Makhleb.
  4868 | D:4      | Found Xocublig's Assorted Antiques.
  5165 | D:4      | Bought a scroll labeled CAXTUIPROM for 22 gold pieces
  5165 | D:4      | Bought a glowing sapphire potion for 19 gold pieces
  5440 | D:4      | Found a shadowy altar of Dithmenos.
  5458 | D:4      | Reached skill level 8 in Fighting
  5762 | D:5      | Entered Level 5 of the Dungeon
  5794 | D:5      | Reached XP level 8. HP: 84/88 MP: 10/10
  5841 | D:5      | Found a blossoming altar of Fedhas.
  5856 | D:5      | Found a hide-covered altar of Uskayaw.
  5863 | D:5      | Reached **** piety under Makhleb
  5960 | D:5      | Noticed Eustachio
  5975 | D:5      | Killed Eustachio
  5975 | D:5      | Reached skill level 9 in Fighting
  6588 | D:6      | Found a hide-covered altar of Uskayaw.
  6838 | D:6      | Noticed Prince Ribbit
  6949 | D:6      | Killed Prince Ribbit
  6949 | D:6      | Reached skill level 10 in Fighting
  7320 | D:6      | Found a radiant altar of Vehumet.
  7405 | D:7      | Reached XP level 9. HP: 72/101 MP: 11/11
  7881 | D:7      | Upgraded the game from 0.23-a0-167-gf92cf62f8f to
                  | 0.23-a0-169-gb21e69520c
  7886 | D:7      | Noticed Menkaure
  7913 | D:7      | Killed Menkaure
  7984 | D:7      | Slain by an iguana

Vault maps used:
D:1:      shiori_arrival_maze
D:2:      grunt_gozag_breadcrumbs, xom_redecorated
D:3:      makhleb_altar_promises_db
D:4:      nicolae_dithmenos_through_a_glass_darkly, serial_shops, shop,
          portal_sewer_entry_d, lemuel_tele_altar
D:5:      lemuel_doored_altar, first_ration, basic_altar, uniq_eustachio
D:6:      kennysheep_little_box, vehumet_statue, uniq_prince_ribbit1
D:7:      temple_green, serial_shops, nicolae_shop_window_shopping,
          minmay_misc_feat_tiny, uniq_menkaure, uniq_harold
Sewer:    sewer_minmay_treatment

Skill      XL: |  1  2  3  4  5  6  7  8 |
---------------+-------------------------+-----
Maces & Flails | 3 4 5 7 |  7.8
Dodging        | 3 |  3.0
Stealth        | 2 |  2.0
Fighting       | 5 6 8 10 | 10.9
Invocations    | 2 3 |  3.2

Action                   |  1- 3 |  4- 6 |  7- 9 || total
-------------------------+-------+-------+-------++-------
Melee: Mace              |   161 |   196 |     4 ||   361
       Whip              |       |       |   555 ||   555
Invok: Minor Destruction |       |       |     8 ||     8
       Lesser Servant of |       |       |     4 ||     4
  Use: Potion            |     3 |     6 |     7 ||    16
       Scroll            |       |     8 |     3 ||    11
 Stab: Sleeping          |     4 |     2 |     6 ||    12
       Distracted        |       |       |     3 ||     3
  Eat: Chunk             |     3 |     6 |     4 ||    13
       Ration            |       |     1 |     2 ||     3
Armor: Robe              |    65 |    60 |   145 ||   270
       Skin              |       |     5 |    10 ||    15
Dodge: Dodged            |    93 |   105 |   267 ||   465

Table legend:
 A = Non-vault XP
 B = Vault XP
 C = Vault XP percentage of total XP
 D = Non-vault monster count
 E = Vault monster count
 F = Vault count percentage of total count
                 A         B        C        D         E       F
            +---------+---------+-------+---------+---------+-------
      Total |    2147 |     798 |  27.1 |     122 |      54 |  30.7
            +---------+---------+-------+---------+---------+-------
        D:1 |      22 |       2 |   8.3 |      11 |       2 |  15.4
        D:2 |      66 |       0 |   0.0 |      24 |       0 |   0.0
        D:3 |     251 |       0 |   0.0 |      22 |       0 |   0.0
        D:4 |     581 |      13 |   2.2 |      23 |       1 |   4.2
        D:5 |     280 |     188 |  40.2 |      10 |       1 |   9.1
        D:6 |     257 |     250 |  49.3 |      12 |       1 |   7.7
        D:7 |     690 |      86 |  11.1 |      20 |       1 |   4.8
      Sewer |       0 |     259 | 100.0 |       0 |      48 | 100.0
            +---------+---------+-------+---------+---------+-------
